 Dungeon Crawl Stone Soup version 0.23.0 (webtiles) character file.

Game seed: 8893685116780344444

97 misha the Covered (level 4, -4/40 HPs)
             Began as a Minotaur Fighter on Feb 17, 2019.
             Killed from afar by an orc wizard (7 damage)
             ... with a magic dart
             ... on level 3 of the Dungeon.
             The game lasted 00:06:19 (1789 turns).

misha the Covered (Minotaur Fighter)                Turns: 1789, Time: 00:06:20

Health: -4/40      AC:  7    Str: 22    XL:     4   Next: 42%
Magic:  3/3        EV:  7    Int:  5    God:
Gold:   98         SH:  9    Dex:  9    Spells: 3/3 levels left

rFire    . . .     SeeInvis .   a - +0 flail
rCold    . . .     Gourm    .   c - +0 shield
rNeg     . . .     Faith    .   b - +0 scale mail
rPois    .         Spirit   .   (helmet restricted)
rElec    .         Reflect  .   (no cloak)
rCorr    .         Harm     .   (no gloves)
MR       .....                  (no boots)
Stlth    ..........             (no amulet)
HPRegen  0.13/turn              (no ring)
MPRegen  0.08/turn              (no ring)

@: no status effects
A: retaliatory headbutt, horns 2
a: no special abilities


You were on level 3 of the Dungeon.
You were not hungry.

You visited 1 branch of the dungeon, and saw 3 of its levels.

You collected 98 gold pieces.

Inventory:

Hand Weapons
 a - a +0 flail (weapon)
Armour
 b - a +0 scale mail (worn)
 c - a +0 shield (worn)
Jewellery
 m - an uncursed ring of positive energy {unknown}
Scrolls
 g - a scroll of enchant weapon {unknown}
 h - 3 scrolls of blinking {unknown}
 i - 4 scrolls of identify {unknown}
 l - a scroll of remove curse {unknown}
Potions
 d - a potion of might
 e - 2 potions of curing {unknown}
 j - a potion of agility {unknown}
 k - a potion of magic {unknown}
 n - a potion of cancellation {unknown}
Comestibles
 f - 4 rations


   Skills:
 + Level 4.1 Fighting
 + Level 3.3 Maces & Flails
 + Level 4.9 Armour
 + Level 0.3 Dodging
 + Level 4.4 Shields


You had 3 spell levels left.
You didn't know any spells.
Your spell library was empty.

Dungeon Overview and Level Annotations

Branches:
Dungeon (3/15)

Altars:


Innate Abilities, Weirdness & Mutations

You reflexively headbutt those who attack you in melee.
You have a pair of horns on your head.


Message History

* * * LOW HITPOINT WARNING * * *
The orc hits you but does no damage.
You hear some strange, mumbled words.
A puff of flame appears from out of thin air!
The puff of flame misses you.
You closely miss something. The orc hits you with a +0 dagger.
* * * LOW HITPOINT WARNING * * *
Something hits you but does no damage. The orc hits you with a +0 dagger.
* * * LOW HITPOINT WARNING * * *
Something hits you.
* * * LOW HITPOINT WARNING * * *
Things that are here:
a +0 hand axe; an orc corpse The orc throws a tomahawk.
The tomahawk hits you.
* * * LOW HITPOINT WARNING * * *
You hear some strange, mumbled words.
A magic dart appears from out of thin air!
The magic dart hits you!
You die...

....### ##.##
........###.....
.........#.....!
.................
....[............
##...............
##..............<.
##........%(.......
.<.#......@(.......
.........{)o......
#......(.........
.###......^........#
........#.#........#
##...>.......$#.#.
#....##..........
####....###....##.#.
..................#


You could see an orc.

Vanquished Creatures
  4 adders
  A worm (D:2)
  2 leopard geckos (D:1)
  2 orcs (D:3)
  4 bats
  3 giant cockroaches (D:2)
  7 goblins
  8 hobgoblins
  7 frilled lizards
  7 kobolds
  8 rats
53 creatures vanquished.

Notes
Turn   | Place    | Note
-------+----------+-------------------------------------------
     0 | D:1      | misha the Minotaur Fighter began the quest for the Orb.
     0 | D:1      | Reached XP level 1. HP: 19/19 MP: 0/0
   234 | D:1      | Reached XP level 2. HP: 27/27 MP: 1/1
  1251 | D:2      | Reached XP level 3. HP: 33/33 MP: 2/2
  1534 | D:2      | Reached XP level 4. HP: 40/40 MP: 3/3
  1743 | D:2      | You fall through a shaft!
  1789 | D:3      | Killed from afar by an orc wizard

Skill      XL: |  1  2  3  4 |
---------------+-------------+-----
Shields        | 4 |  4.4
Armour         | 4 |  4.9
Maces & Flails | 3 |  3.3
Fighting       | 4 |  4.1
Dodging        | |  0.3

Action                   |  1- 3 |  4- 6 || total
-------------------------+-------+-------++-------
Melee: Flail             |   110 |    46 ||   156
       Headbutt          |    19 |     5 ||    24
  Eat: Chunk             |     2 |     1 ||     3
Armor: Scale mail        |    49 |    36 ||    85
Dodge: Dodged            |    41 |    15 ||    56
Block: Shield            |    78 |    30 ||   108
